 Dungeon Crawl Stone Soup version 0.25-a0-1133-g93ebf73 (webtiles) character file.

Game seed: 17777258899897092253, levelgen mode: deterministic

189 thirtiethelement the Skirmisher (level 5, -1/42 HPs)
             Began as a Demonspawn Abyssal Knight on May 22, 2020.
             Was a Priest of Lugonu.
             Slain by a worker ant (5 damage)
             ... on level 4 of the Dungeon.
             The game lasted 00:15:10 (2684 turns).

thirtiethelement the Skirmisher (DsAK)              Turns: 2684, Time: 00:15:11

Health: -1/42      AC:  6    Str: 13    XL:     5   Next: 40%
Magic:  6/6        EV: 11    Int: 20    God:    Lugonu [***...]
Gold:   135        SH:  0    Dex: 12    Spells: 4/4 levels left

rFire    . . .     SeeInvis .   a - +3 falchion
rCold    . . .     Gourm    .   (no shield)
rNeg     . . .     Faith    +   n - +0 ring mail
rPois    .         Spirit   .   (helmet restricted)
rElec    .         Reflect  .   (no cloak)
rCorr    .         Harm     .   (no gloves)
MR       .....                  s - +0 pair of boots
Stlth    ..........             g - amulet of faith
HPRegen  0.14/turn              d - +6 ring of intelligence
MPRegen  0.10/turn              (no ring)

@: confused, mighty, lethally poisoned (-1 -> -3)
A: antennae 1
a: Depart the Abyss, Bend Space, Banish, Renounce Religion


You were on level 4 of the Dungeon.
You worshipped Lugonu.
Lugonu was most pleased with you.
You were not hungry.

You visited 1 branch of the dungeon, and saw 4 of its levels.
You visited the Abyss 1 time.

You collected 135 gold pieces.

Inventory:

Hand Weapons
 a - a +3 falchion (weapon)
 r - a +0 falchion
 w - a +1 dagger of venom
Missiles
 u - 7 poisoned darts (quivered)
Armour
 n - a +0 ring mail (worn)
 s - a +0 pair of boots (worn)
Jewellery
 d - a +6 ring of intelligence (left hand)
 g - an amulet of faith (around neck)
 t - an uncursed amulet of reflection {unknown}
Scrolls
 b - a scroll of teleportation {unknown}
 h - a scroll of fog {unknown}
 j - a scroll of random uselessness {unknown}
 m - a scroll of noise {unknown}
 o - 2 scrolls of enchant armour
 p - a scroll of amnesia {unknown}
 q - 3 scrolls of remove curse
Potions
 f - a potion of lignification {unknown}
 i - a potion of magic {unknown}
 k - a potion of heal wounds {unknown}
 l - a potion of degeneration {unknown}
Comestibles
 c - 2 rations


   Skills:
 + Level 3.9 Fighting
 + Level 3.2 Long Blades
 + Level 3.0 Armour
 + Level 1.7 Dodging
 + Level 0.6 Stealth
 + Level 2.5 Invocations


You had 4 spell levels left.
You didn't know any spells.
Your spell library was empty.

Dungeon Overview and Level Annotations

Branches:
Dungeon (4/15)
 Temple: D:4-7

Altars:
Kikubaaqudgha
Trog
Zin

Annotations:
D:3 1 runed translucent door, Syrue's ghost, amateur GnGl


Innate Abilities, Weirdness & Mutations

You have a pair of small antennae on your head.


Message History

The gnoll barely misses you. The worker ant closely misses you.
You hit the worker ant but do no damage.
The worker ant is almost dead.
The gnoll hits you.
* * * LOW HITPOINT WARNING * * *
The worker ant misses you.
You riposte.
You closely miss the worker ant.
The worker ant is almost dead.
You barely miss the worker ant.
The worker ant is almost dead.
You feel sick. The worker ant bites you!
* * * LOW HITPOINT WARNING * * *
The gnoll hits you but does no damage.
It was a potion of might.
You feel very mighty all of a sudden.
The worker ant bites you but does no damage.
The gnoll barely misses you.
It was a potion of ambrosia.
You are confused.
You feel invigorated.
You feel sick. The worker ant bites you.
You die...

### ... ##.## ##...##
..... ... #a# #@# #
##...# #g# #.#....
##O## .#...# ##...##
....# ##.....## #...
#......O## ##.####
#.........####.....###
+.........'.†.O......>
#.........####...#.###


You could see an ogre, a worker ant and a gnoll.

Vanquished Creatures
  2 worker ants (D:4)
  4 adders
  3 oozes
  A worm (D:3)
  3 dart slugs
  4 leopard geckos
  An orc (D:3)
  A ball python (D:1)
  9 bats
  6 giant cockroaches
  12 goblins
  7 hobgoblins
  7 kobolds
  2 quokkas
  5 frilled lizards
  6 rats
73 creatures vanquished.

Notes
Turn   | Place    | Note
-------+----------+-------------------------------------------
     0 | Abyss:1  | thirtiethelement the Demonspawn Abyssal Knight began the
                  | quest for the Orb.
     0 | Abyss:1  | Reached XP level 1. HP: 18/18 MP: 2/2
    28 | Abyss:1  | Noticed an ancient zyme
    33 | D:1      | Escaped the Abyss
   209 | D:1      | Reached skill level 1 in Dodging
   209 | D:1      | Gained mutation: You have a pair of small antennae on your
                  | head. [demonic ancestry]
   209 | D:1      | Reached XP level 2. HP: 22/24 MP: 3/3
   374 | D:1      | Reached * piety under Lugonu
   517 | D:1      | Reached XP level 3. HP: 29/29 MP: 4/4
  1076 | D:2      | Reached ** piety under Lugonu
  1201 | D:2      | Reached XP level 4. HP: 22/37 MP: 5/5
  1355 | D:2      | Found a bloodstained altar of Trog.
  1700 | D:3      | Noticed Syrue's ghost (amateur GnGl)
  1702 | D:3      | Found a runed translucent door.
  2299 | D:3      | Found an ancient bone altar of Kikubaaqudgha.
  2299 | D:3      | Found a glowing silver altar of Zin.
  2362 | D:4      | Reached XP level 5. HP: 27/42 MP: 6/6
  2523 | D:4      | Noticed an ogre
  2659 | D:4      | Reached *** piety under Lugonu
  2682 | D:4      | HP: 2/42 [worker ant (7)]
  2684 | D:4      | Slain by a worker ant

Illustrated notes

Levels and vault maps discovered:
D:1:      erik_arrival_cave_to_civilisation [erik_arrival_cave_to_hall],
          layout_basic
D:2:      layout_basic, minivault_24, trog_three_pillars_becter
D:3:      layout_loops_ring, gammafunk_temple_overflow_elements,
          hellmonk_ghost_happy_afterlife, minmay_circle_x
D:4:      layout_loops_corners, nicolae_ossuary_entry_giza,
          lightli_sewer_entry_pipes, first_ration, hex_medium

Skill      XL: |  1  2  3  4  5 |
---------------+----------------+-----
Armour         | 2 3 |  3.0
Dodging        | 1 |  1.7
Long Blades    | 2 3 |  3.2
Fighting       | |  3.9
Stealth        | |  0.6
Invocations    | |  2.5

Action                   |  1- 3 |  4- 6 || total
-------------------------+-------+-------++-------
Melee: Falchion          |   112 |   104 ||   216
Invok: Depart the Abyss  |     1 |       ||     1
  Use: Scroll            |       |     6 ||     6
       Potion            |       |     2 ||     2
  Eat: Ration            |     1 |     1 ||     2
Armor: Leather armour    |    30 |       ||    30
       Ring mail         |    18 |    46 ||    64
Dodge: Dodged            |    85 |    78 ||   163
       Rpst.: Falchion   |    31 |    27 ||    58

Table legend:
 A = Non-vault XP
 B = Vault XP
 C = Vault XP percentage of total XP
 D = Non-vault monster count
 E = Vault monster count
 F = Vault count percentage of total count
                 A         B        C        D         E       F
            +---------+---------+-------+---------+---------+-------
      Total |     264 |       6 |   2.2 |      69 |       4 |   5.5
            +---------+---------+-------+---------+---------+-------
        D:1 |      66 |       0 |   0.0 |      29 |       0 |   0.0
        D:2 |      64 |       0 |   0.0 |      16 |       0 |   0.0
        D:3 |      58 |       6 |   9.4 |      19 |       4 |  17.4
        D:4 |      76 |       0 |   0.0 |       5 |       0 |   0.0
            +---------+---------+-------+---------+---------+-------
